Cogmind - Beta 13 @@@ ROGUE MODE // 2024.05.30 @ 23:38:39 Player: kikul Result: Destroyed self with Grenade Launcher Performance ------------- Evolutions (1) 500 Regions Visited (3) 600 Robots Destroyed (36) 180 Value Destroyed (1008) 1008 Prototype IDs (0) 0 Alien Tech Used (0) 0 Bonus (-317) -317 TOTAL SCORE: 1971 Bonus ------- Friendly Fire -317 Cogmind --------- Core Integrity 0/400 Matter 189/300 Energy 160/160 System Corruption 0% Temperature Cool (0) Movement Walking (260) Ox2 Location -9/Mines Parts ------- > --- POWER (1) -------- Light Nuclear Core > --- PROPULSION (4) --- Aluminum Leg Aluminum Leg Aluminum Leg Improved Aluminum Leg > --- UTILITY (2) ------ Huge Storage Unit Reactive Plating > --- WEAPON (2) ------- Grenade Launcher > --- INVENTORY (25) --- Aluminum Leg Wheel Compact Wheel Improved Heat Sink Cooling System Small Storage Unit High-capacity Storage Unit Signal Interpreter Improved Terrain Scanner Reactive Plating Reactive Plating Hacking Suite Medium Laser Faulty Improved Medium Laser Mini Grenade Launcher Mini Grenade Launcher Datajack Datajack Datajack Datajack Peak State ------------ > --- POWER ------------ Improved Ion Engine > --- PROPULSION ------- Aluminum Leg Aluminum Leg Improved Aluminum Leg Improved Aluminum Leg > --- UTILITY ---------- Huge Storage Unit Hacking Suite > --- WEAPON ----------- Medium Laser Beam Rifle > --- INVENTORY -------- Light Nuclear Core Aluminum Leg Wheel Compact Wheel Improved Heat Sink Cooling System Small Storage Unit High-capacity Storage Unit Signal Interpreter Improved Terrain Scanner Reactive Plating Reactive Plating Reactive Plating Hacking Suite EM Pulse Gun EM Pulse Gun Small Laser Improved Medium Laser Grenade Launcher Mini Grenade Launcher Mini Grenade Launcher Datajack Datajack Datajack Datajack [Rating: 19] Favorites ----------- Power Ion Engine Engine Ion Engine Power Core Light Nuclear Core Propulsion Aluminum Leg Leg Aluminum Leg Wheel Compact Wheel Utility Huge Storage Unit Storage Huge Storage Unit Processor Targeting Computer Hackware Hacking Suite Protection Reactive Plating Weapon EM Pulse Gun Energy Gun EM Pulse Gun Energy Cannon Beam Cannon Ballistic Gun Assault Rifle Launcher Mini Grenade Launcher Build | -11 -10 -9 -9 ------- Run | Yrd Mat Mat Min Slots Evolved 2 | . . 2 . Power . | . . . . Propulsion 2 | . . 2 . Utility . | . . . . Weapon . | . . . . Parts Attached 43 | 4 10 18 11 Power 5 | 1 2 1 1 Engine 3 | 1 1 1 . Core 2 | . 1 . 1 Reactor . | . . . . Propulsion 15 | 2 4 8 1 Treads . | . . . . Leg 13 | 2 2 8 1 Wheel 2 | . 2 . . Hover . | . . . . Flight . | . . . . Utility 6 | 1 2 2 1 Device . | . . . . Storage 3 | 1 1 1 . Processor 1 | . 1 . . Hackware 1 | . . 1 . Protection 1 | . . . 1 Artifact . | . . . . Weapon 17 | . 2 7 8 Energy Gun 10 | . . 5 5 Energy Cannon 1 | . 1 . . Ballistic Gun 1 | . 1 . . Ballistic Cannon . | . . . . Launcher 5 | . . 2 3 Special Weapon . | . . . . Impact Weapon . | . . . . Slashing Weapon . | . . . . Piercing Weapon . | . . . . Special Melee Weapon . | . . . . Unidentified Prototypes . | . . . . Parts Lost 15 | . 2 6 7 Power 2 | . . 1 1 Propulsion 4 | . . 3 1 Utility 2 | . 1 . 1 Weapon 7 | . 1 2 4 Highest Loss Streak 5 | . 2 1 5 To Critical Strikes . | . . . . Average Slot Usage (%) 89 | . 85 91 94 Engine 11 | . 12 11 7 Leg 27 | . 14 32 42 Wheel 8 | . 13 7 . Storage 15 | . 14 18 11 Processor 3 | . 8 . . Hackware 2 | . . 2 7 Energy Gun 11 | . . 17 19 Energy Cannon 3 | . 9 . . Ballistic Gun 3 | . 9 . . Launcher 1 | . . 1 1 Naked Turns . | . . . . Heaviest Build 132 | 10 90 132 98 Greatest Support 46 | 20 26 46 46 Greatest Overweight (x) 12 | 3 4 12 2 Average Overweight (x) 2 | . 1 4 1 Largest Inventory Capacity 25 | 8 25 25 25 Average Capacity 21 | 7 17 25 25 Most Carried 25 | 8 22 25 25 Average Carried 19 | 5 11 24 23 Final Capacity 25 | 8 25 25 25 Final Carried 25 | 8 22 25 20 Class Distribution -------------------- 99% | Mutant Dominant Class ---------------- Mutant | -10/Materials Mutant | -9/Materials Mutant | -9/Mines Resources | -11 -10 -9 -9 ----------- Run | Yrd Mat Mat Min Matter Collected 808 | 163 383 160 102 Remotely . | . . . . Salvage Created 1247 | . 481 611 155 Parts 86 | . 35 44 7 Haulers Intercepted . | . . . . Recyclers Shooed . | . . . . Parts Field Recycled . | . . . . Retrieved Matter . | . . . . Parts Self-Destructed . | . . . . Prevented . | . . . . Kills | -11 -10 -9 -9 ------- Run | Yrd Mat Mat Min Combat Hostiles Destroyed 38 | . 9 13 16 Guns 18 | . 6 8 4 Cannons 4 | . 3 1 . AOE 16 | . . 4 12 Classes Destroyed 9 | . 4 3 2 Builder 1 | . 1 . . Tunneler 1 | . 1 . . Recycler 1 | . . 1 . Watcher 4 | . 1 3 . Swarmer 7 | . . 3 4 Grunt 16 | . 9 5 2 Sentry 5 | . . 5 . Demolisher 1 | . . . 1 Assembled 11 | . . . 11 Best Kill Streak 11 | . 5 3 11 Combat Bots Only 11 | . 5 3 11 Max Kills in Single Turn 4 | . 1 2 4 Gunslinging 1 | . . 1 . Exploded 3 | . . 2 3 Melee . | . . . . Uniques/NPCs Destroyed . | . . . . Combat | -11 -10 -9 -9 -------- Run | Yrd Mat Mat Min Hostile Shots Fired 188 | . 60 64 64 Missed 43 | . 16 13 14 Damage Taken 2316 | . 518 715 1083 Core 511 | . 107 115 289 Absorbed by Shields . | . . . . Ignored by Resistances 53 | . . . 53 Core Remaining (%) 78 | 100 57 . . Volleys Fired 122 | . 61 45 16 Largest 2 | . 2 2 2 Hottest 106 | . 80 106 96 Shots Fired 167 | . 71 70 26 Gun 121 | . 43 62 16 Cannon 34 | . 28 6 . Launcher 12 | . . 2 10 Special . | . . . . Kinetic 43 | . 43 . . Thermal 86 | . 28 50 8 Explosive 12 | . . 2 10 Electromagnetic 26 | . . 18 8 Robot Hit Streak 9 | . 7 9 5 Robot Miss Streak 4 | . 3 3 4 Penetration Max . | . . . . Secondary Targets 2 | . . 2 . Max Gunslinging Chain 1 | . . 1 . Shots Hit Robots 98 | . 41 44 13 Core Hits 81 | . 20 26 35 Critical Kills . | . . . . Critical Parts Destroyed . | . . . . Critical Strikes 2 | . . 2 . Burn 2 | . . 2 . Melee Attacks . | . . . . Impact . | . . . . Slashing . | . . . . Piercing . | . . . . Sneak Attacks . | . . . . Combat Hostiles . | . . . . Follow-up Attacks . | . . . . Damage Inflicted 2518 | . 637 907 974 Guns 941 | . 359 468 114 Cannons 365 | . 278 87 . Explosions 1212 | . . 352 860 Melee . | . . . . Ramming . | . . . . Kinetic 359 | . 359 . . Thermal 954 | . 278 517 159 Explosive 955 | . . 204 751 Electromagnetic 250 | . . 186 64 Impact . | . . . . Slashing . | . . . . Piercing . | . . . . Highest Corruption . | . . . . Average Corruption . | . . . . Corruption Purged . | . . . . Corruption Blocked . | . . . . Overload Shots . | . . . . Overflow Damage 13 | . 4 3 6 Projectiles 4 | . 4 . . Explosions 9 | . . 3 6 Melee . | . . . . Knockbacks . | . . . . Impact . | . . . . Kinetic . | . . . . Secondary . | . . . . Self-Inflicted Damage 244 | . . 50 194 Shots 10 | . . 2 8 Rammed . | . . . . Targets Rammed . | . . . . Kicked . | . . . . Crushed . | . . . . Highest Temperature 285 | . 285 147 72 Average Temperature 54 | . 79 46 29 Received Heat Transfer 690 | . 294 276 120 Effects 1 | . 1 . . Energy Bleed 1 | . 1 . . Siege Activations . | . . . . Robots Corrupted . | . . . . Combat Hostiles . | . . . . Parts Fried 1 | . . . 1 Impact Corruptions . | . . . . Robots Melted . | . . . . Combat Hostiles . | . . . . Parts Melted 1 | . . 1 . Heat Transferred 2249 | . 592 1395 262 Parts Sabotaged . | . . . . Parts Stolen . | . . . . Parts Stripped . | . . . . Power Chain Reactions 2 | . . 1 1 Alert | -11 -10 -9 -9 ------- Run | Yrd Mat Mat Min Peak Influence 292 | . 193 292 135 Initial 11 | . . . 11 Average 92 | . 48 128 100 Maximum Alert Level 1 | . . 1 . Low Security (%) 96 | 100 100 93 100 Level 1 3 | . . 6 . Level 2 . | . . . . Level 3 . | . . . . Level 4 . | . . . . Level 5 . | . . . . High Security . | . . . . Max Security . | . . . . Squads Dispatched 2 | . 1 1 . Investigation 1 | . 1 . . Extermination . | . . . . Reinforcement 1 | . . 1 . Assault . | . . . . Garrison . | . . . . Intercept . | . . . . Searches Triggered . | . . . . Construction Impeded . | . . . . Haulers Reinforced . | . . . . Active Scanning Responses . | . . . . Cargo Convoy Interrupts . | . . . . Stealth | -11 -10 -9 -9 --------- Run | Yrd Mat Mat Min Distress Signals 1 | . 1 . . Communications Jammed . | . . . . Distress Signals . | . . . . Times Spotted 53 | . 15 20 18 Peak Tracking Total 10 | . 3 3 10 Tactical Retreats . | . . . . Traps | -11 -10 -9 -9 ------- Run | Yrd Mat Mat Min Traps Triggered 1 | . 1 . . Indirectly . | . . . . Trap Hack Attempts . | . . . . Triggered . | . . . . Disarmed . | . . . . Reprogrammed . | . . . . Reused . | . . . . Traps Extracted . | . . . . Installed . | . . . . Triggered . | . . . . Machines | -11 -10 -9 -9 ---------- Run | Yrd Mat Mat Min Machines Disabled 5 | . . 4 1 Max in Single Turn 2 | . . 2 1 Machines Repaired . | . . . . Machines Dismantled . | . . . . Machines Sabotaged . | . . . . Overloaded Fab Kills . | . . . . Hacking | -11 -10 -9 -9 --------- Run | Yrd Mat Mat Min Machines Accessed 1 | . . 1 . Terminals 1 | . . 1 . Fabricators . | . . . . Repair Stations . | . . . . Recycling Units . | . . . . Scanalyzers . | . . . . Garrison Access . | . . . . Total Hacks 2 | . . 2 . Successful 2 | . . 2 . Failed . | . . . . Catastrophic . | . . . . Database Lockouts . | . . . . Manual 1 | . 1 . . Terminals 2 | . . 2 . Fabricators . | . . . . Repair Stations . | . . . . Recycling Units . | . . . . Scanalyzers . | . . . . Garrison Access . | . . . . Terminal Hacks 2 | . . 2 . Alert Level 1 | . . 1 . Maintenance Status 1 | . . 1 . Fabricator Hacks . | . . . . Repair Station Hacks . | . . . . Recycling Unit Hacks . | . . . . Scanalyzer . | . . . . Garrison Access Hacks . | . . . . Unauthorized Hacks . | . . . . Terminals . | . . . . Fabricators . | . . . . Repair Stations . | . . . . Recycling Units . | . . . . Scanalyzers . | . . . . Garrison Access . | . . . . Data Cores Recovered . | . . . . Used . | . . . . Hacking Detections . | . . . . Full Trace Events . | . . . . Feedback Events . | . . . . Feedback Blocked . | . . . . Robot Schematics Acquired . | . . . . Robots Built . | . . . . Authchips . | . . . . Time . | . . . . Total Robot Build Rating . | . . . . Part Schematics Acquired . | . . . . Parts Built . | . . . . Authchips . | . . . . Time . | . . . . Total Part Build Rating . | . . . . Parts Repaired . | . . . . Time . | . . . . Parts Recycled . | . . . . Recycled Matter . | . . . . Retrieved Matter . | . . . . Retrieved Components . | . . . . Parts Scanalyzed . | . . . . Part Schematics Acquired . | . . . . Parts Damaged . | . . . . Bothacking | -11 -10 -9 -9 ------------ Run | Yrd Mat Mat Min Used RIF Installer . | . . . . Robots Hacked . | . . . . Non-combat . | . . . . Combat . | . . . . Robot Hacks Applied . | . . . . Relay Couplers Released . | . . . . Fabnet Peak Effective % . | . . . . Robots Rewired . | . . . . Allies Hacked . | . . . . Hacks Repelled . | . . . . Allies | -11 -10 -9 -9 -------- Run | Yrd Mat Mat Min Total Allies 3 | . . . 3 Largest Group 3 | . . . 3 Highest-Rated Group 40 | . . . 40 Highest-Rated Ally 16 | . . . 16 Total Orders . | . . . . Ally Attacks 4 | . . . 4 Total Damage 10 | . . . 10 Kills . | . . . . Allies Corrupted . | . . . . Allies Melted . | . . . . Intel | -11 -10 -9 -9 ------- Run | Yrd Mat Mat Min Robot Analysis Total . | . . . . Derelict Logs Recovered 1 | . . . 1 Drone Launches . | . . . . Drone Recoveries . | . . . . Exploration | -11 -10 -9 -9 ------------- Run | Yrd Mat Mat Min Turns Passed 2725 | 82 937 1249 457 Spaces Moved 1274 | 60 547 475 192 Core 14 | 12 2 . . Treads . | . . . . Legs 712 | 48 277 195 192 Wheels 548 | . 268 280 . Hover . | . . . . Flight . | . . . . Fastest Speed 50 | 50 120 175 190 Average Speed 176 | 115 139 216 204 Slowest Speed 960 | 200 400 960 260 Overloaded Moves . | . . . . Propulsion Burnouts . | . . . . Robots Hopped . | . . . . Cave-ins Triggered . | . . . . Exploration Rate (%) 36 | 4 82 36 22 Regions Visited 3 Branch Regions 1 Pre-discovered Areas . | . . . . Known Exits Taken . | . . . . Unknown Exits Taken 3 | 1 1 1 . Scrap Searched 2 | . . . 2 Spaces Dug . | . . . . Terrain Destroyed 82 | . . 12 70 Melee . | . . . . Projectile . | . . . . AOE 82 | . . 12 70 Terrain Rammed . | . . . . Walls Destroyed . | . . . . Machines Disabled . | . . . . Actions | -11 -10 -9 -9 --------- Run | Yrd Mat Mat Min Total 1575 | 71 651 625 228 Wait 77 | . 4 64 9 Move 1271 | 59 546 474 192 Hop . | . . . . Pick Up 47 | 8 23 16 . Fast Attach 10 | 4 2 3 1 Attach 17 | . 4 8 5 Detach 2 | . 1 1 . Swap 16 | . 4 7 5 Drop 13 | . 6 7 . Fire 122 | . 61 45 16 Melee . | . . . . Ram . | . . . . Kick . | . . . . Crush . | . . . . Escape Stasis . | . . . . Rewire . | . . . . Trap . | . . . . Miscellaneous . | . . . . Route ------- -11/Scrapyard -10/Materials (discovered 4 exits: *Mat x3 / [*Min]) -9/Materials -9/Mines History --------- Turn | Location | Event 13 | -11/Scrapyard | Discovered new exit (range 16) 83 | -11/Scrapyard | Entered Materials 215 | -10/Materials | Discovered new exit (range 8) 320 | -10/Materials | Build established: Mutant 346 | -10/Materials | Discovered new exit (range 16) 672 | -10/Materials | Discovered new exit (range 16) 1011 | -10/Materials | Discovered new exit (range 8) 1020 | -10/Materials | Entered another Materials area 1020 | -9/Materials | Evolved 2 slots: Propulsion x2 2246 | -9/Materials | Discovered new exit (range 12) 2269 | -9/Materials | Entered Mines 2338 | -9/Mines | Assisted by bots powering up and referring to "LRC-V3" 2357 | -9/Mines | Learned Materials terminal intel 2550 | -9/Mines | Assembled infested the area 2581 | -9/Mines | Core integrity fell below 50% 2605 | -9/Mines | Lost 3 allies 2628 | -9/Mines | Lost 5 parts (1p1n1u2w) 2634 | -9/Mines | Destroyed 11 combat bots 2685 | -9/Mines | Core integrity fell below 20% 2726 | -9/Mines | Destroyed self with Grenade Launcher Last Messages --------------- 02694_ U-05 Engineer lays Concrete. 02695_ The unstable cave ceiling collapses. 02695_ U-05 Engineer lays Concrete. 02696_ U-05 Engineer builds a Wall. 02697_ The unstable cave ceiling collapses. 02701_ U-05 Engineer lays Concrete. 02703_ U-05 Engineer builds a Wall. 02704_ The unstable cave ceiling collapses. 02708_ U-05 Engineer lays Concrete. 02709_ The unstable cave ceiling collapses. 02709_ U-05 Engineer lays Concrete. 02710_ The unstable cave ceiling collapses. 02710_ U-05 Engineer builds a Wall. 02711_ The unstable cave ceiling collapses. 02714_ U-05 Engineer lays Concrete. 02716_ U-05 Engineer builds a Wall. 02719_ The unstable cave ceiling collapses. 02721_ U-05 Engineer lays Concrete. 02723_ U-05 Engineer builds a Wall. 02726_ The unstable cave ceiling collapses. Map ----- +----------------------------------------------------+ | ?????????????????????????????????????????????????? | | ?????????????????????????????????????????????????? | | ???????????????????????????????????????????????### | | ???????????????????????????????????????????????# | | ???????????????????????????????????????????????# | | ???????????????????????????????????????????????# | | ???????????????????????????????????????????????# | | ???????????????????????????????????????????????# | | ???????????????????????????????????????????????# | | ?????????????????????? ????????????????????????# | | ?????????????????????? ???????????????????????### | | ??????????????????????# ?????????????????????????? | | ??????????????????????# ?????????????????????????? | | ??????????????????????# ?????????????????????????? | | ??????????????????????# ?????????????????????????? | | ??????????????????????# #????????????????????????? | | ?????????????????????##t #######????#####????????? | | ?????????????????????# # ##?### ###??????? | | ?????????????????????# #### ###??????? | | ?????????????????????# # ## # # # ####???? | | ??????????????????????# = = ######## | | ??????????????????????# ! [ ## | | ????????????????????### ############ = | | ????????????????????# # # ### # ! | | ????????????????????# < # ####?###### | | ????????????????????# @ # ##???????#### | | ????????????????????# # ##???????????#### | | ????????????????????#### ##???????????????#### | | ???????????????????????# ###???????????????????? | | ???????????????????????#%###?????????????????????? | | ??????????????????????? ????????????????????????? | | ??????????????????????? a????????????????????????? | | ?????????????????????? ????????????????????????? | | ??????????????????????% ????????????????????????? | | ?????????????????????? *????????????????????????? | | ????????????????????? #????????????????????????? | | ????????????????????? ?????????????????????????? | | ?????????????????????###?????????????????????????? | | ?????????????????????????????????????????????????? | | ?????????????????????????????????????????????????? | | ?????????????????????????????????????????????????? | | ?????????????????????????????????????????????????? | | ?????????????????????????????????????????????????? | | ?????????????????????????????????????????????????? | | ?????????????????????????????????????????????????? | | ?????????????????????????????????????????????????? | | | | | | | | | +----------------------------------------------------+ Best States ------------- Heat Dissipation 28 Energy Generation 14 Energy Capacity 265 Matter Stores 300 Matter Capacity 300 Sight Range 16 Terrain Scan Density 10 Armor Coverage 150 Resistance: KI 20 Evasion (%) 55 Targeting Accuracy 5 Offensive Hacking 10 Item Schematics ----------------- None Robot Schematics ------------------ None Fabricated ------------ Nothing Alien Tech Used ----------------- None Achievements -------------- None Challenges ------------ None Game ------ Seed SmallSwarmMaul Manual? 0 Play Time 00:36:34 Cumulative 10.3 hours Start 2024.05.30 @ 22:19:54 End 2024.05.30 @ 23:38:39 Sessions 1 Manual Loads 0 Difficulty Rogue Special Mode None Game No. 17 Rogue 17 Adventurer 0 Explorer 0 Win Type - Total 0 Types 0/0/0/0/0/0/0/0/0 Lore% 2 Gallery% 12 Achievement% 10 Wizard Run 0 Options --------- Layout 0 ASCII 0 Keyboard 0 Movement Mouse Keybinds 0 Fullscreen 1 Font 24/Smallcaps Map View 76x50 Zoom Use 8% Tactical HUD 1 Map Filters NONE Filters NONE Steam 1 RUN: e18e6fa9-9134-47f1-89ac-3eae1a84b7ca